 Dungeon Crawl Stone Soup version 0.17.1-1-g73c8601 (webtiles) character file.

7277 Mysteryquy the Severer (level 10, -6/91 HPs)
             Began as a Minotaur Berserker on Jan 7, 2016.
             Was an Elder of Trog.
             Mangled by an unseen horror (10 damage)
             ... on level 10 of the Dungeon.
             The game lasted 00:25:48 (10620 turns).

Mysteryquy the Severer (Minotaur Berserker)        Turns: 10620, Time: 00:25:48

Health: -6/91      AC: 10    Str: 25    XL:     10   Next: 89%
Magic:  9/9        EV: 11    Int:  4    God:    Trog [****..]
Gold:   798        SH:  0    Dex: 10    Spells: 0 memorised, 9 levels left

rFire  . . .     SeeInvis .     S - +0 battleaxe (curse)
rCold  . . .     Clarity  .     e - +0 ring mail
rNeg   . . .     SustAt   .     (shield currently unavailable)
rPois  .         Gourm    .     (helmet restricted)
rElec  .         Spirit   .     (no cloak)
rCorr  .         Warding  .     (no gloves)
rMut   .         Stasis   .     Q - +2 pair of boots
MR     ++...                    (no amulet)
Stlth  ..........               (no ring)
                                (no ring)

@: regenerating, very resistant to hostile enchantments, extremely unstealthy
A: retaliatory headbutt, horns 2
a: Berserk, Trog's Hand, Brothers in Arms, Burn Spellbooks, Renounce Religion


You were on level 10 of the Dungeon.
You worshipped Trog.
Trog was greatly pleased with you.
You were very hungry.

You visited 1 branch of the dungeon, and saw 10 of its levels.

You collected 798 gold pieces.

Inventory:

Hand Weapons
 a - a +0 hand axe
 C - a +3 hand axe of freezing
 S - a cursed +0 battleaxe (weapon)
 T - a +3 hand axe
Armour
 b - a +0 animal skin
 e - a +0 ring mail (worn)
 v - a +1 buckler
 Q - a +2 pair of boots (worn)
Jewellery
 o - an uncursed ring of magical power {unknown}
 s - an uncursed ring of stealth {unknown}
 I - a +6 ring of dexterity {unknown}
 K - a +5 ring of evasion {unknown}
 P - a cursed ring of loudness {unknown}
Wands
 x - a wand of slowing (28)
 D - a wand of lightning (8)
 G - a wand of polymorph (6)
 H - a wand of lightning (8)
Scrolls
 f - a scroll of fog {unknown}
 g - 10 scrolls of remove curse
 h - a scroll of blinking {unknown}
 i - a scroll of amnesia {unknown}
 k - 2 scrolls of enchant armour
 l - 3 scrolls of fear
 m - 7 scrolls of identify
 q - 2 scrolls of magic mapping {unknown}
 r - a scroll of random uselessness {unknown}
 w - 3 scrolls of teleportation {unknown}
 F - 2 scrolls of enchant weapon {unknown}
Potions
 d - 2 potions of haste
 t - 2 potions of heal wounds {unknown}
 u - 2 potions of agility {unknown}
 z - 4 potions of curing {unknown}
 A - 3 potions of poison {unknown}
 B - 3 potions of berserk rage {unknown}
 E - a potion of lignification {unknown}
 J - a potion of ambrosia {unknown}
 L - a potion of brilliance {unknown}
 N - a potion of cancellation {unknown}
 O - a potion of flight {unknown}
Books
 y - a book of the Warp

   Spells                             Type                      Level
   a - Recall                         Summoning/Translocation      3
   b - Gell's Gravitas                Hexes/Translocation          3
   c - Force Lance                    Conjuration/Translocation    4
   d - Phase Shift                    Translocation                5
   e - Warp Weapon                    Charms/Translocation         5
   f - Summon Forest                  Summoning/Translocation      5
   Trog disapproves of the use of such an item.
Comestibles
 c - 3 bread rations
 j - 7 meat rations
 n - 2 beef jerkies
 p - 2 slices of pizza
 M - 9 royal jellies
 R - 5 fruits


   Skills:
 * Level 9.4 Fighting
 - Level 15.0 Axes
 + Level 8.7 Armour
 - Level 2.1 Dodging
 - Level 4.0 Shields


You had 9 spell levels left.
You didn't know any spells.

Dungeon Overview and Level Annotations

Branches:
Dungeon (10/15)            Temple (0/1) D:4            Lair (0/8) D:8
    Orc (0/4) D:10

Altars:
Ashenzari
Cheibriados
Gozag
Kikubaaqudgha
Makhleb
Nemelex Xobeh
Okawaru
Sif Muna
Zin
The Shining One
Jiyva

Shops:
D:6 [

Portals:
Trove: D:10 (give horn of Geryon)


Innate Abilities, Weirdness & Mutations

You reflexively headbutt those who attack you in melee.
You have a pair of horns on your head.


Message History

* * * LOW HITPOINT WARNING * * *
You see here 16 gold pieces.
Something hits you!
* * * LOW HITPOINT WARNING * * *
Something hits you.
* * * LOW HITPOINT WARNING * * *
Drink which item? (? for menu, Esc to quit)
Okay, then.
Your skin crawls.
You feel resistant to hostile enchantments.
You feel slightly more hungry. Something hits you.
* * * LOW HITPOINT WARNING * * *
Something hits you.
* * * LOW HITPOINT WARNING * * *
You see here 16 gold pieces.
Something hits you but does no damage. Something hits you but does no damage.
Something hits you.
* * * LOW HITPOINT WARNING * * *
You closely miss something. You headbutt something! Something hits you!
You die...

.#####.....[..........#..........
...>....##...##....#.###.........
.#########...#.....#>##.....##..#
.# ............#.......#... ##
##.(##.....##...)...##.##
#..###................# #..#
#.......)....#### # ..#
#.#####.#.#### # #@# #.#.# # #.#
#.#.# # # #$# #.#.# # # #.# #.#.#
# # ###.### #.#.# # #
#.....###.#.# # #
..##...........# # #
..............### #
....#.....##### #


There were no monsters in sight!

Vanquished Creatures
  Pikel (D:7)
  A hill giant (D:10)
  Psyche (D:10)
  A fire drake (D:8)
  The ghost of DarthKuruptios the Cleaver, an amateur MiBe of Trog (D:5)
  A two-headed ogre (D:10)
  A deep elf mage (D:7)
  The ghost of Mysteryquy the Chopper, an amateur MiFi of Okawaru (D:4)
  A hippogriff (D:7)
  3 orc warriors
  6 ice beasts
  5 sky beasts
  A centaur (D:8)
  2 phantoms
  3 ogres
  3 big kobolds
  8 giant frogs
  A gnoll sergeant (D:9)
  A wyvern skeleton (D:6)
  3 crimson imps
  7 hounds
  21 wights
  A quasit (D:9)
  A wasp zombie (D:7)
  5 jellies
  A centaur zombie (D:10)
  A giant frog skeleton (D:4)
  2 centaur skeletons (D:6)
  A gnoll shaman (D:6)
  An iguana (D:5)
  3 orc priests
  2 orc wizards
  12 worker ants
  A hound skeleton (D:10)
  A worker ant zombie (D:10)
  12 gnolls
  9 adders
  A shadow imp (D:6)
  7 oozes
  4 worms
  9 giant geckos
  21 orcs
  5 bats
  8 giant cockroaches
  3 goblins
  9 hobgoblins
  6 jackals
  13 kobolds
  4 quokkas
  A giant gecko skeleton (D:7)
  7 giant newts
  A jackal skeleton (D:9)
  A jackal zombie (D:7)
  A quokka zombie (D:9)
  7 rats
234 creatures vanquished.

Vanquished Creatures (others)
  A giant frog (D:7)
  A worker ant (D:7)
  A giant cockroach (D:7)
3 creatures vanquished.

Grand Total: 237 creatures vanquished

Notes
Turn   | Place    | Note
--------------------------------------------------------------
     0 | D:1      | Mysteryquy the Minotaur Berserker began the quest for the Orb.
     0 | D:1      | Reached XP level 1. HP: 19/19 MP: 0/0
    65 | D:1      | Reached skill level 4 in Axes
   149 | D:1      | Reached XP level 2. HP: 26/26 MP: 1/1
   213 | D:1      | Reached skill level 5 in Axes
   270 | D:1      | Reached XP level 3. HP: 31/31 MP: 2/2
   891 | D:2      | Reached ** piety under Trog
  1820 | D:3      | Reached XP level 4. HP: 35/39 MP: 3/3
  1881 | D:3      | Found a sparkling altar of Nemelex Xobeh.
  1920 | D:3      | Reached skill level 6 in Axes
  2107 | D:3      | Reached skill level 1 in Shields
  2139 | D:3      | Found a snail-covered altar of Cheibriados.
  2464 | D:3      | Noticed a sky beast
  2478 | D:3      | Killed a sky beast
  2478 | D:3      | Reached skill level 7 in Axes
  2478 | D:3      | Reached XP level 5. HP: 26/45 MP: 4/4
  2662 | D:3      | Noticed an ogre
  2668 | D:3      | Killed an ogre
  2668 | D:3      | Reached XP level 6. HP: 51/51 MP: 5/5
  2780 | D:3      | Noticed a phantom
  2800 | D:3      | Killed a phantom
  2877 | D:4      | Reached skill level 8 in Axes
  2935 | D:4      | Found a staircase to the Ecumenical Temple.
  3120 | D:4      | Noticed Mysteryquy's ghost (amateur MiFi)
  3131 | D:4      | Killed Mysteryquy's ghost
  3131 | D:4      | Reached skill level 9 in Axes
  3131 | D:4      | Reached XP level 7. HP: 57/57 MP: 6/6
  3743 | D:5      | Entered Level 5 of the Dungeon
  3917 | D:5      | Found an iron altar of Okawaru.
  3941 | D:5      | Reached skill level 10 in Axes
  4116 | D:5      | Noticed DarthKuruptios's ghost (amateur MiBe)
  4130 | D:5      | Killed DarthKuruptios's ghost
  4130 | D:5      | Reached skill level 11 in Axes
  4130 | D:5      | Reached XP level 8. HP: 64/64 MP: 7/7
  4167 | D:5      | Found a deep blue altar of Sif Muna.
  4189 | D:5      | Reached *** piety under Trog
  4367 | D:5      | Found an ancient bone altar of Kikubaaqudgha.
  4653 | D:6      | Reached skill level 12 in Axes
  5062 | D:6      | Found a glowing silver altar of Zin.
  5183 | D:6      | Found a shattered altar of Ashenzari.
  5249 | D:6      | Reached skill level 13 in Axes
  5300 | D:6      | Found Hudexzaedgh's Antique Armour Boutique.
  5709 | D:7      | Reached XP level 9. HP: 30/70 MP: 8/8
  6180 | D:7      | Reached **** piety under Trog
  6473 | D:7      | Reached skill level 14 in Axes
  6819 | D:7      | Found a burning altar of Makhleb.
  7086 | D:7      | Reached skill level 15 in Axes
  7175 | D:7      | Noticed Pikel
  7197 | D:7      | Killed Pikel
  7197 | D:7      | Reached skill level 5 in Fighting
  7621 | D:8      | Found a glowing golden altar of the Shining One.
  7643 | D:8      | Found a staircase to the Lair.
  7643 | D:8      | Noticed a fire drake
  7656 | D:8      | Killed a fire drake
  7656 | D:8      | Reached skill level 5 in Armour
  7656 | D:8      | Reached XP level 10. HP: 56/81 MP: 9/9
  9260 | D:9      | Reached ***** piety under Trog
  9409 | D:9      | Received a gift from Trog
  9602 | D:9      | Found a viscous altar of Jiyva.
  9678 | D:9      | Found an opulent altar of Gozag.
  9753 | D:10     | Entered Level 10 of the Dungeon
  9858 | D:10     | Found a portal to a secret trove of treasure.
 10063 | D:10     | Found a staircase to the Orcish Mines.
 10255 | D:10     | Noticed a hill giant
 10270 | D:10     | Killed a hill giant
 10381 | D:10     | Noticed Psyche
 10506 | D:10     | Killed Psyche
 10616 | D:10     | HP: 4/91 [something (5)]
 10620 | D:10     | Mangled by an unseen horror

Action                   |  1- 3 |  4- 6 |  7- 9 | 10-12 || total
-------------------------+-------+-------+-------+-------++-------
Melee: Hand axe          |    69 |    95 |   380 |   248 ||   792
       Battleaxe         |       |       |       |     6 ||     6
Invok: Berserk           |       |     3 |     5 |     2 ||    10
       Burn Spellbooks   |       |       |     1 |       ||     1
       Trog's Hand       |       |       |       |     1 ||     1
  Use: Scroll            |       |       |       |     4 ||     4
  Eat: Chunk             |     2 |     7 |    18 |     9 ||    36
       Beef jerky        |       |       |     1 |       ||     1
       Royal jelly       |       |       |       |     1 ||     1
